 Dungeon Crawl Stone Soup version 0.30-a0-920-g7493c07aab (webtiles) character file.

Game seed: 13327600427545514708

16 sanka the Ruffian (level 2, 28/29 HPs)
             Began as a Troll Cinder Acolyte on Mar 21, 2023.
             Was a High Priest of Ignis.
             Quit the game on level 1 of the Dungeon.
             The game lasted 00:01:04 (678 turns).

sanka the Ruffian (Troll Cinder Acolyte)             Turns: 678, Time: 00:01:04

Health: 28/29      AC:  4    Str: 21    XL:     2   Next: 41%
Magic:  2/2        EV:  9    Int: 10    God:    Ignis [*****.]
Gold:   43         SH:  0    Dex:  5    Spells: 3/3 levels left

rFire   + . .      SeeInvis .      - Unarmed
rCold   . . .      Faith    .    (no shield)
rNeg    . . .      Spirit   .    a - +0 robe
rPois   .          Reflect  .    (helmet restricted)
rElec   .          Rampage  .    (no cloak)
rCorr   .                        (gloves unavailable)
Will    .....                    (boots unavailable)
Stlth   +                        (no amulet)
HPRegen 1.04/turn                (no ring)
MPRegen 0.08/turn                (no ring)

@: no status effects
A: large, unfitting armour, claws 3, regeneration 1, shaggy fur 1, tough skin 1
a: Renounce Religion, Fiery Armour, Foxfire Swarm, Rising Flame


You were on level 1 of the Dungeon.
You worshipped Ignis.
Ignis was extremely pleased with you.
You visited 1 branch of the dungeon, and saw 1 of its levels.

You collected 43 gold pieces.


Innate Abilities, Weirdness & Mutations

You are too large for most types of armour.
You have claws for hands.
Your natural rate of healing is unusually fast.
You are covered in fur. (AC +1)
You have tough skin. (AC +1)


   Skills:
 + Level 2.6 Fighting
 + Level 3.2 Unarmed Combat
 + Level 1.1 Spellcasting
 + Level 2.3 Fire Magic


You had 3 spell levels left.
You didn't know any spells.
Your spell library contained the following spells:

 Spells                   Type           Power      Damage    Failure   Level
 Scorch                   Fire           10%        2d6       21%         2
 Malign Gateway           Summ/Tloc      0%         N/A       100%        7
 Summon Horrible Things   Summ           0%         N/A       100%        8

Inventory:

Armour
 a - a +0 robe (worn)
Scrolls
 b - a scroll of vulnerability {unknown}
 c - a scroll of immolation {unknown}
 d - 3 scrolls of fog {unknown}
 g - a scroll of identify {unknown}
Potions
 e - 2 potions of curing {unknown}
 f - a potion of degeneration {unknown}

Dungeon Overview and Level Annotations

Branches:
Dungeon (1/15)

Altars:

▒.........▒▒▒▒▒.▒▒
▒................▒
▒.........▒▒▒▒▒▒.▒
▒▒.......⌠..▒
▒.▒▒▒
▒.........).▒▒
▒...▒
▒.......⌠.⌠..▒▒
▒▒▒.▒▒
▒.............▒▒
▒..▒
▒▒.....⌠.⌠.⌠...▒▒
▒▒.▒
▒...T..........▒
▒..
▒▒...▒▒▒▒▒▒▒..▒▒
▒▒. ▒...▒ ▒▒..▒▒
▒. ▒.... ▒..▒▒ ▒.
▒▒▒▒. ▒▒.▒▒ ▒. ▒.▒
▒..▒ ▒. ▒..▒▒.▒▒
▒. ▒....▒▒▒▒ ▒.
▒▒▒▒....▒▒▒▒▒▒▒.


There were no monsters in sight!


Message History

You barely miss the kobold. The kobold hits you but does no damage.
You scratch the kobold but do no damage.
The kobold barely misses you.
You claw the kobold!
You kill the kobold!
No target in view!
No target in view!
Things that are here:
a +0 dagger; 4 stones You enter the shallow water.
You see here a rat skeleton.
There is a fountain of clear blue water here.
A ball python comes into view.
The ball python hisses angrily.
You barely miss the ball python. The ball python barely misses you.
You barely miss the ball python. The ball python bites you.
You scratch the ball python.
The ball python is severely wounded.
The ball python closely misses you.
You barely miss the ball python.
The ball python is severely wounded.
The ball python bites you.
You scratch the ball python.
You kill the ball python!
No target in view!
No target in view!
Are you sure you want to abandon this character and quit the game? (Confirm with "yes".)

Action                     || total
---------------------------++-------
  Melee: Unarmed           ||    47
 Armour: Robe              ||    15
  Dodge: Dodged            ||    20

Levels and vault maps discovered:
D:1:      eino_arrival_cavern_a, layout_loops_ring,
          shapermc_ecumenical_altar_venn, serial_bayou_lagoon_a

Notes
Turn   | Place    | Note
-------+----------+-------------------------------------------
     0 | D:1      | sanka the Troll Cinder Acolyte began the quest for the Orb.
     0 | D:1      | Reached XP level 1. HP: 22/22 MP: 1/1
   295 | D:1      | Reached XP level 2. HP: 23/29 MP: 2/2
   678 | D:1      | Quit the game

Vanquished Creatures
  A bat (D:1)
  An endoplasm (D:1)
  A giant cockroach (D:1)
  3 goblins (D:1)
  A hobgoblin (D:1)
  A quokka (D:1)
  3 ball pythons (D:1)
  2 kobolds (D:1)
  2 rats (D:1)
15 creatures vanquished.
